 Dungeon Crawl Stone Soup version 0.27-a0-660-g90476cec82 (webtiles) character file.

Game seed: 2015487012326497316

2 jasper the Caller (level 1, 0/14 HPs)
             Began as a Hill Orc Summoner on Mar 16, 2021.
             Slain by a jackal (3 damage)
             ... on level 1 of the Dungeon.
             The game lasted 00:00:37 (157 turns).

jasper the Caller (Hill Orc Summoner)                Turns: 157, Time: 00:00:37

Health: 0/14       AC:  2    Str: 10    XL:     1   Next: 30%
Magic:  0/3        EV: 12    Int: 15    God:
Gold:   0          SH:  0    Dex: 11    Spells: 2/3 levels left

rFire    . . .     SeeInvis .   (no weapon)
rCold    . . .     Faith    .   (no shield)
rNeg     . . .     Spirit   .   a - +0 robe
rPois    .         Reflect  .   (no helmet)
rElec    .         Harm     .   (no cloak)
rCorr    .         Rampage  .   (no gloves)
Will     .....                  (no boots)
Stlth    ++........             (no amulet)
HPRegen  0.04/turn              (no ring)
MPRegen  0.08/turn              (no ring)

@: no status effects
A: no striking features
a: no special abilities


You were on level 1 of the Dungeon.
You visited 1 branch of the dungeon, and saw 1 of its levels.

Inventory:

Armour
 a - a +0 robe (worn)


   Skills:
 - Level 1.5 Dodging
 - Level 1.5 Stealth
 - Level 1.5 Spellcasting
 + Level 4.1 Summonings


You had 2 spell levels left.
You knew the following spells:

 Your Spells              Type           Power      Damage    Failure   Level
a - Summon Small Mammal   Summ           52%        N/A       4%          1

Your spell library contained the following spells:

 Spells                   Type           Power      Damage    Failure   Level
 Call Imp                 Summ           13%        N/A       6%          2
 Call Canine Familiar     Summ           13%        N/A       13%         3
 Summon Guardian Golem    Hex/Summ       7%         N/A       30%         3
 Summon Ice Beast         Ice/Summ       7%         N/A       69%         4
 Summon Lightning Spire   Summ/Air       7%         N/A       69%         4


Dungeon Overview and Level Annotations

Branches:
Dungeon (1/15)

Altars:


Message History

The jackal bites you but does no damage.
The jackal bites you. The hobgoblin hits you with a +0 club.
* * * LOW HITPOINT WARNING * * *
You take 5 damage, and have 2/14 hp.
MASSIVE DAMAGE!!
You swap places.
The jackal closely misses your quokka.
Your quokka barely misses the jackal.
The hobgoblin barely misses your quokka.
Things that are here:
a +0 club; a goblin corpse You swap places.
The jackal bites your quokka.
Your quokka misses the jackal. Something barely misses your quokka.
The jackal closely misses your quokka.
Your quokka closely misses the jackal.
The jackal closely misses your quokka. Something barely misses your quokka.
A jackal is nearby!
Casting: Summon Small Mammal (safe; 4% risk of failure)
Press: ? - help, Q - select action Dir - look around, f - activate Your quokka misses the jackal.
The jackal misses your quokka. Something misses your quokka.
Your quokka barely misses the jackal.
You now have 0/3 mp.
The jackal bites your quokka but does no damage.
The jackal misses your quokka.
Your quokka barely misses the jackal.
Something closely misses your bat. Something misses your bat.
Something closely misses your bat. Something closely misses your bat.
Your bat disappears in a puff of smoke!
Your quokka disappears in a puff of smoke!
Your bat hits the jackal.
The jackal bites your bat but does no damage.
Your bat hits the jackal. The jackal barely misses your bat.
Your bat barely misses the jackal.
You swap places.
The jackal barely misses you. x2
You swap places.
Your bat hits the jackal.
Your bat hits the jackal but does no damage.
The jackal closely misses your bat. Something hits your bat.
Your bat dies!
Your bat's corpse disappears in a puff of smoke!
Casting: Summon Small Mammal (safe; 4% risk of failure)
Press: ? - help, Q - select action Dir - look around, f - activate The jackal closely misses you.
The jackal bites you.
You die...

### ## ###h## ..
##..#@######
#.###g####⌠r..⌠#
#...#.g###.....#
#....##.>.<.#
#.##)##†....#
#.##.##⌠...⌠#
#..g.########
#.......#
#$......#


You could see a jackal (ally target) and a friendly rat (summoned).

Vanquished Creatures (collateral kills)
  A goblin (D:1)
  2 jackals (D:1)
3 creatures vanquished.

Notes
Turn   | Place    | Note
-------+----------+-------------------------------------------
     0 | D:1      | jasper the Hill Orc Summoner began the quest for the Orb.
     0 | D:1      | Reached XP level 1. HP: 14/14 MP: 3/3
   157 | D:1      | Slain by a jackal

Illustrated notes

Levels and vault maps discovered:
D:1:      amcnicky_arrival_gap_in_the_tavern_cellar, layout_loops_cross,
          dk_noncrumbling_2

Action                   || total
-------------------------++-------
Melee: Unarmed           ||    11
 Cast: Summon Small Mamm ||    11
Armor: Robe              ||     2
Dodge: Dodged            ||    14

Table legend: (Time is in decaauts)
 A = Elapsed time spent in this place.
 B = Non-inter-level travel time spent in this place.
 C = Inter-level travel time spent in this place.
 D = Time resting spent in this place.
 E = Time spent auto-exploring this place.
 F = Levels seen in this place.
 G = Mean time per level.
                   A        B        C        D        E       F      G
               +--------+--------+--------+--------+--------+-----+--------+
         Total |    157 |    157 |      0 |     57 |     24 |   1 |  157.0 |
       Dungeon |    157 |    157 |      0 |     57 |     24 |   1 |  157.0 |
               +--------+--------+--------+--------+--------+-----+--------+

Top non-repeatable levels by time:
     D:1: 157 daAuts
